NCAA
OHIO STATE BUCKEYES @ BAYLOR BEARS
05/07/2029
 
TOP OF THE 1ST
Ohio State Buckeyes batting - Pitching for Baylor Bears : LHP Warren Banda
Pitching: LHP Warren Banda
Batting: RHB Tommy Miller 0-0: Ball
1-0: SINGLE (Flyball, 5D)
Batting: RHB Ollie Buchanan 0-0: Fielders Choice at 2nd, 4-6 (Groundball, 34)
Batting: RHB Jeff Peterson 0-0: Called Strike
0-1: Ball
1-1: Swinging Strike
1-2: Foul Ball, location: 2F
1-2: Foul Ball, location: 2F
1-2: Strikes out swinging
Batting: LHB Josh Armstrong 0-0: Called Strike
0-1: Fly out, F7 (Flyball, 7S)
Top of the 1st over - 0 runs, 1 hit, 0 errors, 1 left on base; Ohio State 0 - Baylor 0
BOTTOM OF THE 1ST
Baylor Bears batting - Pitching for Ohio State Buckeyes : RHP Joe Jackson
Pitching: RHP Joe Jackson
Batting: RHB Reed Allen 0-0: Ball
1-0: Ground out 4-3 (Groundball, 4M)
Batting: RHB Mike Morrow 0-0: Ball
1-0: Called Strike
1-1: Foul Ball, location: 2F
1-2: SINGLE (Line Drive, 7S)
Batting: SHB Ryan Roberts 0-0: Ball
1-0: Grounds into double play, 6-4-3 (Groundball, 6)
Bottom of the 1st over - 0 runs, 1 hit, 0 errors, 0 left on base; Ohio State 0 - Baylor 0
TOP OF THE 2ND
Ohio State Buckeyes batting - Pitching for Baylor Bears : LHP Warren Banda
Batting: RHB Dale Hernández 0-0: Ball
1-0: Ball
2-0: Ball
3-0: Base on Balls
Batting: LHB Kenneth Key 0-0: Called Strike
0-1: Ball
1-1: Ball
2-1: Called Strike
2-2: Foul Ball, location: 2F
2-2: Reached on error, E4 (Groundball, 4S)
Dale Hernández to second
Batting: RHB Pat Dwyer 0-0: Called Strike
0-1: Ball
1-1: Ball
2-1: 3-RUN HOME RUN (Flyball, 9LD), Distance : 338 ft
Batting: SHB Kevin Scott 0-0: Fly out, F2 (Popup, 2LF)
Batting: LHB Luis Antonio Cortéz 0-0: Called Strike
0-1: Ball
1-1: Ball
2-1: Swinging Strike
2-2: Ball
3-2: Strikes out swinging
Batting: RHB Tommy Miller 0-0: Called Strike
0-1: Swinging Strike
0-2: Ball
1-2: Strikes out swinging
Top of the 2nd over - 3 runs, 1 hit, 1 error, 0 left on base; Ohio State 3 - Baylor 0
BOTTOM OF THE 2ND
Baylor Bears batting - Pitching for Ohio State Buckeyes : RHP Joe Jackson
Batting: LHB Sergio García 0-0: Ball
1-0: Called Strike
1-1: Foul Ball, location: 2F
1-2: Strikes out swinging
Batting: LHB Alan Jones 0-0: Ball
1-0: Fly out, F7 (Flyball, 7)
Batting: RHB Gerald Taylor 0-0: Called Strike
0-1: Swinging Strike
0-2: Foul Ball, location: 2F
0-2: Ball
1-2: Foul Ball, location: 2F
1-2: Foul Ball, location: 2F
1-2: Ball
2-2: Ball
3-2: Base on Balls
Batting: RHB Eric Turner 0-0: Ball
1-0: Foul Ball, location: 2F
1-1: Fly out, F7 (Flyball, 7S)
Bottom of the 2nd over - 0 runs, 0 hits, 0 errors, 1 left on base; Ohio State 3 - Baylor 0
TOP OF THE 3RD
Ohio State Buckeyes batting - Pitching for Baylor Bears : LHP Warren Banda
Batting: RHB Ollie Buchanan 0-0: Swinging Strike
0-1: Ball
1-1: Foul Ball, location: 2F
1-2: Ball
2-2: Strikes out looking
Batting: RHB Jeff Peterson 0-0: Foul Ball, location: 2F
0-1: Ball
1-1: Called Strike
1-2: Foul Ball, location: 2F
1-2: Ball
2-2: Foul Ball, location: 2F
2-2: Ground out 1-3 (Groundball, P)
Batting: LHB Josh Armstrong 0-0: Ball
1-0: Swinging Strike
1-1: Ball
2-1: Foul Ball, location: 2F
2-2: Ball
3-2: Strikes out swinging
Top of the 3rd over - 0 runs, 0 hits, 0 errors, 0 left on base; Ohio State 3 - Baylor 0
BOTTOM OF THE 3RD
Baylor Bears batting - Pitching for Ohio State Buckeyes : RHP Joe Jackson
Batting: RHB Lloyd Arnette 0-0: Ground out 6-3 (Groundball, 6S)
Batting: RHB Santiago Hernández 0-0: Ball
1-0: SINGLE (Line Drive, 34D)
Batting: RHB Reed Allen 0-0: Foul Ball, location: 2F
0-1: Called Strike
0-2: Strikes out looking
Batting: RHB Mike Morrow 0-0: Foul Ball, location: 2F
0-1: Foul Ball, location: 2F
0-2: Ball
1-2: Ball
2-2: Ball
Wild Pitch!
Santiago Hernández to second
3-2: Foul Ball, location: 2F
3-2: Strikes out swinging
Bottom of the 3rd over - 0 runs, 1 hit, 0 errors, 1 left on base; Ohio State 3 - Baylor 0
TOP OF THE 4TH
Ohio State Buckeyes batting - Pitching for Baylor Bears : LHP Warren Banda
Batting: RHB Dale Hernández 0-0: Ball
1-0: Swinging Strike
1-1: Ball
2-1: Ball
3-1: Ground out U3 (Groundball, 34)
Batting: LHB Kenneth Key 0-0: Ball
1-0: Foul Ball, location: 2F
1-1: Fly out, F9 (Flyball, 9LSF)
Batting: RHB Pat Dwyer 0-0: Ball
1-0: Ball
2-0: Ball
3-0: Base on Balls
Batting: SHB Kevin Scott 0-0: Ball
1-0: Called Strike
1-1: Ball
2-1: Ball
Wild Pitch!
Pat Dwyer to second
3-1: Fly out, F7 (Flyball, 7LS)
Top of the 4th over - 0 runs, 0 hits, 0 errors, 1 left on base; Ohio State 3 - Baylor 0
BOTTOM OF THE 4TH
Baylor Bears batting - Pitching for Ohio State Buckeyes : RHP Joe Jackson
Batting: SHB Ryan Roberts 0-0: SOLO HOME RUN (Flyball, 9LD), Distance : 336 ft
Batting: LHB Sergio García 0-0: Ground out 4-3 (Groundball, 4)
Batting: LHB Alan Jones 0-0: Ball
1-0: Foul Ball, location: 2F
1-1: Fly out, F2 (Popup, 23F)
Batting: RHB Gerald Taylor 0-0: Called Strike
0-1: Ball
1-1: Ball
2-1: Ball
3-1: Foul Ball, location: 2F
3-2: Foul Ball, location: 2F
3-2: SOLO HOME RUN (Flyball, 7LD), Distance : 318 ft
Batting: RHB Eric Turner 0-0: Foul Ball, location: 2F
0-1: Foul Ball, location: 2F
0-2: Ground out 6-3 (Groundball, 56)
Bottom of the 4th over - 2 runs, 2 hits, 0 errors, 0 left on base; Ohio State 3 - Baylor 2
TOP OF THE 5TH
Ohio State Buckeyes batting - Pitching for Baylor Bears : LHP Warren Banda
Batting: LHB Luis Antonio Cortéz 0-0: Called Strike
0-1: Called Strike
0-2: Ball
1-2: Fly out, F9 (Flyball, 89D)
Batting: RHB Tommy Miller 0-0: Ball
1-0: DOUBLE (Line Drive, 89D)
Batting: RHB Ollie Buchanan 0-0: Called Strike
0-1: Called Strike
0-2: Strikes out swinging
Pitching: RHP Enrique Bernal
Batting: RHB Jeff Peterson 0-0: Called Strike
0-1: Ball
1-1: Ball
2-1: Ball
3-1: Base on Balls
Batting: LHB Josh Armstrong 0-0: Fielders Choice at 2nd, 6-4 (Groundball, 6)
Top of the 5th over - 0 runs, 1 hit, 0 errors, 2 left on base; Ohio State 3 - Baylor 2
BOTTOM OF THE 5TH
Baylor Bears batting - Pitching for Ohio State Buckeyes : RHP Joe Jackson
Batting: RHB Lloyd Arnette 0-0: Ground out 5-3 (Groundball, 56S)
Batting: RHB Santiago Hernández 0-0: Ball
1-0: Ball
2-0: Foul Ball, location: 2F
2-1: Fly out, F9 (Flyball, 9LMF)
Batting: RHB Reed Allen 0-0: Ball
1-0: Fly out, F8 (Flyball, 8LM)
Bottom of the 5th over - 0 runs, 0 hits, 0 errors, 0 left on base; Ohio State 3 - Baylor 2
TOP OF THE 6TH
Ohio State Buckeyes batting - Pitching for Baylor Bears : RHP Enrique Bernal
Batting: RHB Dale Hernández 0-0: Swinging Strike
0-1: Called Strike
0-2: Strikes out swinging
Batting: LHB Kenneth Key 0-0: Foul Ball, location: 2F
0-1: Ball
1-1: Swinging Strike
1-2: Fly out, F3 (Line Drive, 3)
Batting: RHB Pat Dwyer 0-0: Called Strike
0-1: Swinging Strike
0-2: Ball
1-2: Strikes out swinging
Top of the 6th over - 0 runs, 0 hits, 0 errors, 0 left on base; Ohio State 3 - Baylor 2
BOTTOM OF THE 6TH
Baylor Bears batting - Pitching for Ohio State Buckeyes : RHP Joe Jackson
Batting: RHB Mike Morrow 0-0: Called Strike
0-1: Ball
1-1: Fly out, F9 (Flyball, 89M)
Batting: SHB Ryan Roberts 0-0: Foul Ball, location: 2F
0-1: Foul Ball, location: 2F
0-2: Strikes out swinging
Batting: LHB Sergio García 0-0: Called Strike
0-1: Called Strike
0-2: SINGLE (Line Drive, 8RS)
Batting: LHB Alan Jones 0-0: Foul Ball, location: 2F
0-1: Swinging Strike
0-2: Ball
1-2: Foul Ball, location: 2F
1-2: Ground out 4-3 (Groundball, 4)
Bottom of the 6th over - 0 runs, 1 hit, 0 errors, 1 left on base; Ohio State 3 - Baylor 2
TOP OF THE 7TH
Ohio State Buckeyes batting - Pitching for Baylor Bears : RHP Enrique Bernal
Batting: SHB Kevin Scott 0-0: Called Strike
0-1: Ball
1-1: Ground out 3-1 (Groundball, 34)
Batting: LHB Luis Antonio Cortéz 0-0: Called Strike
0-1: Ball
1-1: SOLO HOME RUN (Flyball, 9D), Distance : 353 ft
Batting: RHB Tommy Miller 0-0: SINGLE (Line Drive, 89S)
Batting: RHB Ollie Buchanan 0-0: Ball
1-0: Ball
2-0: Called Strike
2-1: Fly out, F5 (Line Drive, 56)
Batting: RHB Jeff Peterson 0-0: Ball
1-0: DOUBLE (Line Drive, 78D)
Tommy Miller to third
Batting: LHB Josh Armstrong 0-0: Ball
1-0: Foul Ball, location: 2F
1-1: Ball
2-1: Ball
3-1: Foul Ball, location: 2F
3-2: SINGLE (Groundball, 6MD)
Tommy Miller scores
Jeff Peterson to third
Jeff Peterson scores
Pitching: RHP Doug Roberts
Batting: RHB Dale Hernández 0-0: Ball
Wild Pitch!
Josh Armstrong to second
1-0: Ground out 1-3 (Groundball, 15S)
Top of the 7th over - 3 runs, 4 hits, 0 errors, 1 left on base; Ohio State 6 - Baylor 2
BOTTOM OF THE 7TH
Baylor Bears batting - Pitching for Ohio State Buckeyes : RHP Joe Jackson
Batting: RHB Gerald Taylor 0-0: Ball
1-0: Called Strike
1-1: Ball
2-1: Ball
3-1: Ground out U3 (Groundball, 3S)
Pitching: RHP Hugues Proulx
Batting: RHB Eric Turner 0-0: Ball
1-0: Ball
2-0: Ball
3-0: Base on Balls
Batting: RHB Lloyd Arnette 0-0: Ball
1-0: SINGLE (Line Drive, 78M)
Eric Turner to second
Batting: RHB Santiago Hernández 0-0: Fly out, F4 (Line Drive, 4M)
Batting: RHB Reed Allen 0-0: Ball
1-0: Ball
2-0: 3-RUN HOME RUN (Line Drive, 78XD), Distance : 388 ft
Pitching: LHP Wilton Mahony
Batting: RHB Mike Morrow 0-0: Ball
1-0: Ball
2-0: Foul Ball, location: 2F
2-1: Called Strike
2-2: Ball
3-2: Base on Balls
Batting: SHB Ryan Roberts 0-0: Ball
1-0: Fielders Choice at 2nd, 6-4 (Groundball, 6)
Bottom of the 7th over - 3 runs, 2 hits, 0 errors, 1 left on base; Ohio State 6 - Baylor 5
TOP OF THE 8TH
Ohio State Buckeyes batting - Pitching for Baylor Bears : RHP Doug Roberts
Batting: LHB Kenneth Key 0-0: Ground out U3 (Groundball, 3L)
Batting: RHB Pat Dwyer 0-0: Ground out 4-3 (Groundball, 4)
Batting: SHB Kevin Scott 0-0: Bunt for hit - play at first, batter OUT! 1-3
Top of the 8th over - 0 runs, 0 hits, 0 errors, 0 left on base; Ohio State 6 - Baylor 5
BOTTOM OF THE 8TH
Baylor Bears batting - Pitching for Ohio State Buckeyes : LHP Wilton Mahony
Batting: LHB Sergio García 0-0: Ball
1-0: Called Strike
1-1: Ball
2-1: Foul Ball, location: 2F
2-2: Ground out 2-3 (Groundball, 2R)
Batting: LHB Alan Jones 0-0: Called Strike
0-1: Called Strike
0-2: Fly out, F1 (Line Drive, 13)
Batting: RHB Gerald Taylor 0-0: Ball
1-0: Called Strike
1-1: Fly out, F8 (Flyball, 78D)
Bottom of the 8th over - 0 runs, 0 hits, 0 errors, 0 left on base; Ohio State 6 - Baylor 5
TOP OF THE 9TH
Ohio State Buckeyes batting - Pitching for Baylor Bears : RHP Doug Roberts
Pitching: RHP José Aguilar
Batting: LHB Luis Antonio Cortéz 0-0: Foul Ball, location: 2F
0-1: Foul Ball, location: 2F
0-2: Ball
1-2: Ball
2-2: Ball
3-2: Strikes out swinging
Batting: RHB Tommy Miller 0-0: Called Strike
0-1: Ball
1-1: Ball
2-1: Ball
3-1: Base on Balls
Pinch Hitting: SHB Travis Shannon 0-0: Ball
1-0: Ball
2-0: Ball
3-0: Called Strike
3-1: Foul Ball, location: 2F
3-2: Base on Balls
Tommy Miller to second
Batting: RHB Jeff Peterson 0-0: SINGLE (Groundball, 15S) (infield hit)
Tommy Miller to third
Travis Shannon to second
Batting: LHB Josh Armstrong 0-0: Ball
1-0: Ball
2-0: Called Strike
2-1: Foul Ball, location: 2F
2-2: Strikes out swinging
Batting: RHB Dale Hernández 0-0: Called Strike
0-1: Ball
1-1: Swinging Strike
1-2: Strikes out swinging
Top of the 9th over - 0 runs, 1 hit, 0 errors, 3 left on base; Ohio State 6 - Baylor 5
BOTTOM OF THE 9TH
Baylor Bears batting - Pitching for Ohio State Buckeyes : LHP Wilton Mahony
Now in RF: Steve Bańuelos
Batting: RHB Eric Turner 0-0: Foul Ball, location: 2F
0-1: Called Strike
0-2: Ball
1-2: Ball
2-2: Ground out 1-3 (Groundball, 23)
Pinch Hitting: RHB Richard Jeffries 0-0: Called Strike
0-1: Ball
1-1: Ball
2-1: Called Strike
2-2: SINGLE (Line Drive, 6MD)
Batting: RHB Santiago Hernández 0-0: Foul Ball, location: 2F
0-1: Foul Ball, location: 2F
0-2: Ball
1-2: Foul Ball, location: 2F
1-2: Ball
2-2: Ball
3-2: Strikes out swinging
Batting: RHB Reed Allen 0-0: Ball
1-0: Swinging Strike
1-1: Ball
2-1: Swinging Strike
2-2: Strikes out swinging
Bottom of the 9th over - 0 runs, 1 hit, 0 errors, 1 left on base; Ohio State 6 - Baylor 5
Saturday, December 16th, 2017 - OOTP Baseball 18.8 Build 76